 Dungeon Crawl Stone Soup version 0.30-a0-283-gf371ce1921 (webtiles) character file.

Game seed: 1097956768150092163

126830 MrRokkomies the Basher (level 16, -8/146 HPs)
             Began as an Armataur Delver on Oct 16, 2022.
             Was the Champion of Cheibriados.
             Killed from afar by Roxanne (47 damage)
             ... with a crystal spear
             ... on level 2 of the Spider Nest on Oct 17, 2022.
             The game lasted 01:22:22 (23884 turns).

MrRokkomies the Basher (Armataur Delver)           Turns: 23884, Time: 01:22:22

Health: -8/146     AC: 41    Str: 35    XL:     16   Next: 44%
Magic:  25/25      EV: 11    Int: 29    God:    Cheibriados [******]
Gold:   630        SH:  0    Dex: 32    Spells: 15/15 levels left

rFire   + . .      SeeInvis .    a - +1 dire flail (flame)
rCold   + . .      Faith    .    (shield currently unavailable)
rNeg    . . .      Spirit   .    b - +5 gold dragon scales
rPois   +          Reflect  .    f - +2 hat {Int+3}
rElec   .          Harm     .    x - +2 cloak {rCorr}
rCorr   +          Roll     +    Q - +0 pair of gloves
Will    ++...                    O - +3 barding
Stlth   ..........               F - amulet of regeneration
HPRegen 1.24/turn                y - ring of willpower
MPRegen 0.19/turn                A - +4 ring of protection

@: very slow
A: large, rugged brown scales 3, deformed body, armoured tail, roll, long
tongue, awkward tongue
a: Renounce Religion, Bend Time, Temporal Distortion, Slouch, Step From Time


You were on level 2 of the Spider Nest.
You worshipped Cheibriados.
Cheibriados was exalted by your worship.
You visited 5 branches of the dungeon, and saw 25 of its levels.
You also visited: Ice Cave.

You collected 3349 gold pieces.
You spent 2719 gold pieces at shops.

Inventory:

Hand Weapons
 a - a +1 dire flail of flaming (weapon)
 N - the +3 mace of the Spider {vorpal, rF+ Str+4 Dex+5}
   (You found it on level 4 of the Dungeon)

   It inflicts extra damage upon your enemies.
   Str:       It affects your strength (+4).
   Dex:       It affects your dexterity (+5).
   rF:        It protects you from fire.
 P - a +6 great mace
Missiles
 i - 2 throwing nets
 t - 24 boomerangs (quivered)
 E - 2 silver boomerangs
 I - 16 javelins
Armour
 b - +5 gold dragon scales (worn)
 f - a +2 hat of intelligence (worn)
 x - a +2 cloak of preservation (worn)
 O - a +3 barding (worn)
 Q - a +0 pair of gloves (worn)
Jewellery
 l - a ring of poison resistance
 p - a ring of protection from cold
 s - a ring of flight
 y - a ring of willpower (left hand)
 A - a +4 ring of protection (right hand)
 F - an amulet of regeneration (around neck)
Wands
 g - a wand of digging (7)
 D - a wand of paralysis (8)
 H - a wand of acid (11)
 J - a wand of polymorph (25)
 K - a wand of flame (38)
 S - a wand of iceblast (16)
 W - a wand of mindburst (20)
Scrolls
 c - a scroll of fog
 d - 2 scrolls of magic mapping
 e - 6 scrolls of fear
 h - 7 scrolls of teleportation
 k - 2 scrolls of silence
 u - 7 scrolls of blinking
 G - 6 scrolls of amnesia
 L - 3 scrolls of enchant weapon
 M - 2 scrolls of immolation
 T - 2 scrolls of summoning
 U - 7 scrolls of identify
 Z - a scroll of poison
Potions
 j - 3 potions of magic
 m - 3 potions of resistance
 o - 7 potions of ambrosia
 q - 2 potions of lignification
 r - a potion of attraction
 v - 6 potions of mutation
 w - 3 potions of brilliance
 z - 3 potions of berserk rage
 B - 6 potions of curing
 C - a potion of flight
 V - 4 potions of heal wounds
 X - 3 potions of might
 Y - 2 potions of invisibility
Miscellaneous
 n - a lightning rod (4/4)
 R - a condenser vane (inert)


   Skills:
 - Level 11.0 Fighting
 * Level 13.0 Maces & Flails
 * Level 10.7 Throwing
 - Level 12.7 Armour
 + Level 10.0 Dodging
 - Level 5.4 Stealth
 - Level 12.0 Invocations
 + Level 8.4 Evocations


You had 15 spell levels left.
You didn't know any spells.
Your spell library contained the following spells:

 Spells                   Type           Power      Damage    Failure   Level
 Beastly Appendage        Tmut           0%         N/A       80%         1
 Shock                    Conj/Air       0%         1d3       80%         1
 Blink                    Tloc           0%         N/A       90%         2
 Cigotuvi's Dreadful Rot  Necr/Pois/Air  0%         N/A       90%         2
 Ensorcelled Hibernation  Hex/Ice        0%         N/A       90%         2
 Momentum Strike          Conj/Tloc      0%         3d8       90%         2
 Poisonous Vapours        Pois/Air       0%         N/A       90%         2
 Wereblood                Tmut           0%         N/A       90%         2
 Dazzling Flash           Conj/Hex       0%         N/A       99%         3
 Lesser Beckoning         Tloc           0%         N/A       99%         3
 Mephitic Cloud           Conj/Pois/Air  0%         N/A       99%         3
 Portal Projectile        Hex/Tloc       0%         N/A       99%         3
 Spider Form              Tmut/Pois      0%         N/A       99%         3
 Swiftness                Air            0%         N/A       99%         3
 Tukima's Dance           Hex            0%         N/A       99%         3
 Airstrike                Air            0%         2d(0-16)  100%        4
 Anguish                  Hex/Necr       0%         N/A       100%        4
 Iskenderun's Mystic Bla  Conj/Tloc      0%         2d3       100%        4
 Alistair's Intoxication  Tmut/Pois      0%         N/A       100%        5
 Blade Hands              Tmut           0%         N/A       100%        5
 Borgnjor's Vile Clutch   Necr/Erth      0%         N/A       100%        5
 Iskenderun's Battlesphe  Conj           0%         2d6       100%        5
 Summon Forest            Summ/Tloc      0%         N/A       100%        5
 Summon Mana Viper        Hex/Summ       0%         N/A       100%        5
 Eringya's Noxious Bog    Tmut/Pois      0%         N/A       100%        6
 Iron Shot                Conj/Erth      0%         9d1       100%        6
 Starburst                Conj/Fire      0%         6d3       100%        6
 Summon Cactus Giant      Summ           0%         N/A       100%        6
 Spellforged Servitor     Conj/Summ      0%         N/A       100%        7


Dungeon Overview and Level Annotations

Branches:
Dungeon (15/15)            Temple (1/1) D:6            Lair (5/5) D:8
 Shoals (0/4) Lair:3       Spider (2/4) Lair:2        Slime (0/5) Lair:4
    Orc (2/2) D:11            Elf (0/3) Orc:2        Vaults (0/5) D:14
 Depths (0/4) D:15          IceCv (visited)

Altars:
Ashenzari
Cheibriados
Dithmenos
Elyvilon
Fedhas
Gozag
Hepliaklqana
Kikubaaqudgha
Makhleb
Nemelex Xobeh
Okawaru
Qazlal
Ru
Sif Muna
Trog
Uskayaw
Vehumet
Wu Jian
Xom
Yredelemnul
Zin
The Shining One
Jiyva

Shops:
D:1 [   D:5 *   D:8 *   D:10 ?[[!?   D:15 [   Orc:1 (   Orc:2 [=*(*

Annotations:
D:5 2 runed translucent doors, Smoky173's ghost, amateur DsGl
Spider:2 Roxanne


Innate Abilities, Weirdness & Mutations

You are completely covered in rugged brown scales. (AC +3, +7% HP)
Armour fits poorly on your strangely shaped body.
You have a long armoured tail.
You roll when moving toward enemies. (Rampage)
Your long tongue fully drains potion bottles. (2x potion effects)
Your tongue gives you trouble enunciating. (1.5x scroll delay)


Message History

Roxanne mumbles some strange words.
The bolt of magma hits you but does no damage.
You hit Roxanne but do no damage. You tail-slap Roxanne.
Roxanne is moderately damaged.
You completely miss Roxanne.
Roxanne is moderately damaged.
You puncture Roxanne! You tail-slap Roxanne!
Roxanne is moderately damaged.
You completely miss Roxanne.
Roxanne is moderately damaged.
Roxanne casts a spell.
The crystal spear hits you!!
You hit Roxanne but do no damage. You tail-slap Roxanne!
Roxanne is heavily damaged.
You sock Roxanne!
You tail-slap Roxanne, but do no damage.
Roxanne is heavily damaged.
You hit Roxanne but do no damage.
Roxanne is heavily damaged.
Roxanne says, "Come nearer, honey, I don't have a heart of stone."
You sock Roxanne! You tail-slap Roxanne!
Roxanne is heavily damaged.
You sock Roxanne! You tail-slap Roxanne!
Roxanne is severely damaged.
Roxanne casts a spell.
The bolt of magma hits you!! You partially resist.
* * * LOW HITPOINT WARNING * * *
You bludgeon Roxanne!! You burn Roxanne.
Roxanne is severely damaged.
Roxanne asks, "Say, could you scratch my back for me?"
You hit Roxanne but do no damage.
You tail-slap Roxanne, but do no damage.
Roxanne is severely damaged.
You hit Roxanne but do no damage.
Roxanne is severely damaged.
You hit Roxanne but do no damage. You tail-slap Roxanne!
Roxanne is almost destroyed.
Roxanne mumbles some strange words.
The crystal spear hits you!!!
You die...

##.......#
##.....
##.......#
######
#.......##
#......##
#......#
######
#.....##
#.....
##......##
#.....
#....##..#
##.....
#..@.###.###
#......
#.8..#
##..###......
#.^..#
#....##.....
######
#..#........
##.####....^
#.## ##....
#.<# ##...
##.# ##.. #.#
###


You could see Roxanne.

Vanquished Creatures
  Arachne (Spider:2)
  Frances (D:14)
  Gastronok (Lair:1)
  A frost giant (IceCv)
  Aizul (Spider:2)
  An orc warlord (Orc:2)
  A broodmother (Spider:2)
  The ghost of flt the Transmogrifier, a journeyman DgTm (Orc:2)
  Azrael (D:14)
  2 entropy weavers
  A vault guard (D:14)
  Erolcha (D:10)
  4 hydras
  A radroach (Spider:1)
  A catoblepas (Lair:4)
  A jorogumo (Spider:2)
  A death knight (D:15)
  4 centaur warriors
  5 boulder beetles
  Erica (Orc:1)
  10 death yaks (IceCv)
  2 two-headed ogres
  Urug (Lair:4)
  2 orc high priests (Orc:2)
  A tengu warrior (D:14)
  The ghost of voshxx the Nimble, a journeyman DEFE of Sif Muna (Lair:1)
  A deep elf knight (D:14)
  A fire crab (Lair:4)
  2 pharaoh ants
  An orb spider (Spider:2)
  3 steelbarb worms
  A swamp dragon (D:15)
  A wizard (D:15)
  A lindwurm (Lair:5)
  An oklob plant (Lair:3)
  4 manticores
  A necromancer (D:15)
  A deep elf zephyrmancer (D:15)
  6 orc knights
  3 orc sorcerers
  3 cyclopes
  13 slime creatures
  13 ugly things
  7 elephants
  A moth of wrath (Spider:2)
  9 wolf spiders
  7 black mambas
  A guardian serpent (Lair:5)
  A centaur zombie (D:15)
  A torpor snail (Spider:1)
  17 cane toads
  A gargoyle (D:7)
  An ice statue (IceCv)
  3 centaur skeletons (D:15)
  6 rime drakes
  An unseen horror (shapeshifter) (D:14)
  5 kobold demonologists
  A tengu conjurer (D:14)
  An unseen horror (D:10)
  10 demonic crawlers
  4 efreet
  11 komodo dragons
  2 freezing wraiths (D:14)
  4 meliai
  6 polar bears
  6 trolls
  A wind drake (Lair:3)
  3 hornets
  12 tarantellas
  19 blink frogs
  7 dream sheep
  6 jumping spiders
  Sigmund (D:2)
  2 culicivoras (Spider:2)
  A shadow (D:11)
  2 centaur simulacra (D:10)
  A spriggan (Lair:4)
  2 vampires
  16 wyverns
  A wraith (D:12)
  3 fire elementals (D:14)
  5 basilisks
  64 yaks
  4 steam dragons
  4 wargs
  25 redbacks
  26 vampire mosquitoes
  4 acid dragons
  20 water moccasins
  4 hell hounds (D:14)
  A swamp drake (D:11)
  5 ice beasts
  34 orc warriors
  4 black bears
  10 ogres
  22 wolves
  7 centaurs
  A phantom (D:6)
  18 bullfrogs
  6 kobold brigands
  Blork the orc (D:6)
  A necrophage (D:5)
  2 gnoll sergeants
  8 scorpions
  5 killer bees (D:8)
  5 howler monkeys
  2 electric eels
  A crimson imp (Spider:1)
  4 hounds
  Crazy Yiuf (D:3)
  15 orc priests
  3 jellies
  Ijyb (D:5)
  Jessica (D:3)
  Terence (D:3)
  3 iguanas
  20 orc wizards
  6 hell rats (Lair:3)
  Robin (D:2)
  4 adders
  15 gnolls
  4 white imps
  2 ufetubi (D:10)
  3 worms
  5 dart slugs
  51 orcs
  9 bats
  2 endoplasms
  7 giant cockroaches
  13 goblins
  8 hobgoblins
  3 jackals (D:2)
  5 quokkas
  9 ball pythons
  5 frilled lizards
  21 kobolds
  3 rats
801 creatures vanquished.

Vanquished Creatures (others)
  A wizard (D:15)
  17 fungi
  15 plants
33 creatures vanquished.

Grand Total: 834 creatures vanquished

Notes
Turn   | Place    | Note
-------+----------+-------------------------------------------
     0 | D:5      | MrRokkomies the Armataur Delver began the quest for the
                  | Orb.
     0 | D:5      | Reached XP level 1. HP: 19/19 MP: 1/1
   201 | D:4      | Reached skill level 1 in Armour
   201 | D:4      | Reached XP level 2. HP: 10/27 MP: 2/2
   293 | D:4      | Noticed a scorpion
   358 | D:3      | Identified the +5 dagger of the Rescuing Fox {freeze, rPois
                  | Str+5}
   419 | D:2      | Reached XP level 3. HP: 33/33 MP: 3/3
   439 | D:2      | Noticed Sigmund
   937 | D:1      | Found Ojeqo's Antique Armour Shoppe.
  1075 | D:2      | Killed Sigmund
  1076 | D:2      | Reached XP level 4. HP: 11/42 MP: 4/4
  1076 | D:2      | Reached XP level 5. HP: 13/49 MP: 5/5
  1245 | D:2      | Noticed Robin
  1281 | D:2      | Killed Robin
  1541 | D:2      | Identified the +3 ring mail "Figgez" {rElec rN+ Int+3
                  | Dex-3}
  1593 | D:2      | Reached XP level 6. HP: 45/56 MP: 6/6
  1745 | D:3      | Noticed Terence
  1768 | D:3      | Killed Terence
  1843 | D:3      | Found an opulent altar of Gozag.
  1885 | D:3      | Noticed Jessica
  1887 | D:3      | Killed Jessica
  2103 | D:3      | Found a faded altar of an unknown god.
  2197 | D:3      | Reached skill level 5 in Fighting
  2197 | D:3      | Reached skill level 5 in Armour
  2356 | D:3      | Found a runed translucent door.
  2357 | D:3      | Noticed Crazy Yiuf
  2368 | D:3      | Killed Crazy Yiuf
  2369 | D:3      | Reached XP level 7. HP: 49/65 MP: 7/7
  2560 | D:4      | Identified the +3 mace of the Spider {vorpal, rF+ Str+4
                  | Dex+5}
  2987 | D:5      | Found Siunuo Hini's CLEARANCE SALE!.
  2989 | D:5      | Noticed Ijyb
  2993 | D:5      | Paralysed by Ijyb for 2 turns
  3003 | D:5      | Killed Ijyb
  3234 | D:5      | Reached XP level 8. HP: 71/74 MP: 8/8
  3405 | D:5      | Identified the +4 ring mail of Koich {+Blink MP+9 SInv}
  3509 | D:5      | Found a large runed translucent door.
  3511 | D:5      | Found a large runed translucent door.
  3516 | D:5      | Noticed Smoky173's ghost (amateur DsGl)
  3969 | D:6      | Noticed Blork the orc
  3981 | D:6      | Killed Blork the orc
  3989 | D:6      | Found a staircase to the Ecumenical Temple.
  4096 | Temple   | Entered the Ecumenical Temple
  4254 | Temple   | Became a worshipper of Cheibriados the Contemplative
  4336 | D:6      | Reached skill level 1 in Invocations
  4342 | D:6      | Reached XP level 9. HP: 84/84 MP: 8/10
  4676 | D:6      | Reached * piety under Cheibriados
  5229 | D:7      | Noticed a gargoyle
  5249 | D:7      | Killed a gargoyle
  5351 | D:7      | Reached XP level 10. HP: 96/96 MP: 13/13
  5389 | D:7      | Reached skill level 5 in Invocations
  5634 | D:1      | Bought an encrusted chain mail for 247 gold pieces
  5634 | D:1      | Identified the +7 chain mail of Dafub {+Inv rElec Dex-4
                  | Stlth+} (You bought it in a shop on level 1 of the Dungeon)
  5842 | D:7      | Reached skill level 5 in Dodging
  6162 | D:8      | Reached ** piety under Cheibriados
  6178 | D:8      | Found a staircase to the Lair.
  6273 | D:8      | Found Sojuomoh's Assorted Antiques.
  6287 | D:8      | Bought a scroll labelled HEOQOSTR ZEANAVVO for 26 gold
                  | pieces
  6287 | D:8      | Bought a scroll labelled ASSIXT QOEBUPPUL for 26 gold
                  | pieces
  6287 | D:8      | Bought a scroll labelled AMEIDU WUGUITZ for 26 gold pieces
  6497 | D:8      | Noticed a centaur warrior
  6516 | D:8      | Killed a centaur warrior
  6962 | D:9      | Reached skill level 10 in Armour
  7304 | D:9      | Reached *** piety under Cheibriados
  7570 | Lair:1   | Entered Level 1 of the Lair of Beasts
  7607 | D:8      | Reached XP level 11. HP: 48/105 MP: 16/16
  7659 | Lair:1   | Reached skill level 10 in Fighting
  7674 | Lair:1   | Noticed Gastronok
  7772 | Lair:1   | Reached **** piety under Cheibriados
  7850 | Lair:1   | Found a burning altar of Makhleb.
  8012 | Lair:1   | Killed Gastronok
  8233 | Lair:1   | Reached ***** piety under Cheibriados
  8263 | Lair:1   | Found a runed translucent door.
  8315 | Lair:1   | Reached skill level 2 in Maces & Flails
  8724 | Lair:1   | Reached XP level 12. HP: 102/117 MP: 19/19
  8727 | Lair:1   | Reached skill level 3 in Maces & Flails
  8985 | Lair:1   | Noticed voshxx's ghost (journeyman DEFE)
  8998 | Lair:1   | Killed voshxx's ghost
  9047 | Lair:2   | Noticed an eight-headed hydra
  9059 | Lair:2   | Killed an eight-headed hydra
  9191 | Lair:2   | Noticed a boulder beetle
  9193 | Lair:2   | Found a hole to the Spider Nest.
  9223 | Lair:2   | Reached skill level 4 in Maces & Flails
  9253 | Lair:2   | Killed a boulder beetle
  9254 | Lair:2   | Reached skill level 10 in Invocations
  9585 | Lair:2   | Reached skill level 5 in Maces & Flails
 10127 | Lair:3   | Found a staircase to the Shoals.
 10360 | Lair:3   | Reached skill level 6 in Maces & Flails
 10589 | Lair:3   | Noticed a four-headed hydra
 10607 | Lair:3   | Killed a four-headed hydra
 11037 | Lair:4   | Found a staircase to the Slime Pits.
 11037 | Lair:4   | Found a viscous altar of Jiyva.
 11097 | Lair:4   | Reached XP level 13. HP: 105/124 MP: 21/21
 11261 | Lair:4   | Noticed Urug
 11309 | Lair:4   | Killed Urug
 11371 | Lair:4   | Identified a scroll of acquirement
 11371 | Lair:4   | Acquired 949 gold pieces
 11884 | Lair:5   | Entered Level 5 of the Lair of Beasts
 11893 | Lair:5   | Reached skill level 7 in Maces & Flails
 11957 | Lair:5   | Reached ****** piety under Cheibriados
 11966 | Lair:5   | Reached skill level 1 in Evocations
 12006 | Lair:5   | Identified the +7 dagger "Dorchuah" {flame, rPois}
 12243 | Lair:5   | Identified the +0 chain mail "Banuat" {rC+ Will+}
 12279 | Lair:5   | Reached skill level 1 in Throwing
 12519 | Lair:5   | Reached skill level 8 in Maces & Flails
 12520 | Lair:5   | Paralysed by a hornet for 1 turns
 13404 | D:10     | Entered Level 10 of the Dungeon
 13411 | D:10     | Reached XP level 14. HP: 122/132 MP: 23/23
 13474 | D:10     | Found Mumav's Armour Boutique.
 13548 | D:10     | Found Sefecken's Distillery.
 13561 | D:10     | Bought a potion of heal wounds for 70 gold pieces
 13561 | D:10     | Noticed Erolcha
 13569 | D:10     | Killed Erolcha
 13593 | D:10     | Found Posoett's Magic Scroll Boutique.
 13711 | D:10     | Found Ileaquqe's Magic Scroll Shop.
 13877 | D:10     | Found Deazaom's Armour Shoppe.
 14143 | D:11     | Reached skill level 9 in Maces & Flails
 14169 | D:11     | Found a frozen archway.
 14178 | IceCv    | Entered an ice cave
 14253 | IceCv    | Reached skill level 5 in Throwing
 14699 | IceCv    | Noticed a frost giant
 14713 | IceCv    | Killed a frost giant
 14714 | IceCv    | Reached skill level 5 in Evocations
 14940 | D:11     | Found a staircase to the Orcish Mines.
 15117 | D:11     | Reached skill level 10 in Maces & Flails
 15619 | Orc:1    | Entered Level 1 of the Orcish Mines
 15619 | Orc:1    | Noticed Erica
 15653 | Orc:1    | Killed Erica
 15845 | Orc:1    | Paralysed by an orc sorcerer for 5 turns
 15958 | Orc:1    | Found Fauvekan's Weapon Shoppe.
 16095 | Orc:2    | Entered Level 2 of the Orcish Mines
 16120 | Orc:2    | Found Kiedutzi's Antique Weapon Shoppe.
 16188 | Orc:2    | Found a staircase to the Elven Halls.
 16219 | Orc:2    | Found a runed translucent gate.
 16219 | Orc:2    | Found a runed translucent gate.
 16219 | Orc:2    | Found a runed translucent gate.
 16220 | Orc:2    | Found an opulent altar of Gozag.
 16221 | Orc:2    | Noticed flt's ghost (journeyman DgTm)
 16222 | Orc:2    | Found Kuomien's Assorted Antiques.
 16264 | Orc:2    | Found Lyen's General Store.
 16514 | Orc:2    | Found Mirog's Jewellery Shop.
 16537 | Orc:2    | Found Rilutaxi's Antique Armour Emporium.
 16537 | Orc:2    | Noticed an orc warlord
 16569 | Orc:2    | Killed an orc warlord
 17157 | Orc:2    | Killed flt's ghost
 17240 | Orc:2    | Bought runed gold dragon scales for 2324 gold pieces
 17399 | D:12     | Reached XP level 15. HP: 136/138 MP: 24/24
 17839 | D:12     | Found the +7 staff of the Meek {protect, meekguard}
 18258 | D:13     | Reached skill level 11 in Maces & Flails
 18311 | D:13     | Found a snail-covered altar of Cheibriados.
 19128 | D:14     | Found a gate to the Vaults.
 19482 | D:14     | Noticed Azrael
 19520 | D:14     | Killed Azrael
 19593 | D:14     | Noticed Frances
 19600 | D:14     | Killed Frances
 19974 | D:15     | Entered Level 15 of the Dungeon
 20070 | D:15     | Found Isibbaocuz's Superior Scales.
 20281 | D:15     | Reached skill level 12 in Maces & Flails
 20336 | D:15     | Found a staircase to the Depths.
 21366 | Spider:1 | Entered Level 1 of the Spider Nest
 21367 | Spider:1 | Upgraded the game from 0.30-a0-279-g4b46babb21 to
                  | 0.30-a0-283-gf371ce1921
 21476 | Spider:1 | Reached XP level 16. HP: 114/146 MP: 25/25
 21813 | Spider:1 | Reached skill level 10 in Throwing
 22511 | Spider:2 | Noticed Arachne
 22530 | Spider:2 | Killed Arachne
 22907 | Spider:2 | Noticed Aizul
 22939 | Spider:2 | Killed Aizul
 23045 | Spider:2 | Reached skill level 10 in Dodging
 23561 | Spider:2 | Reached skill level 13 in Maces & Flails
 23633 | Spider:2 | Identified Roxanne's Tome of Terrain
 23633 | Spider:2 | Noticed Roxanne
 23884 | Spider:2 | Killed from afar by Roxanne

Illustrated notes

Levels and vault maps discovered:
D:1:      mrwooster_arrival_statue_2, layout_basic, serial_shops, shop,
          minmay_indecisive_spiral
D:2:      layout_basic, serial_curves, eino_curves_01, eino_curves_03,
          uniq_sigmund, uniq_robin
D:3:      layout_loops_ring, mainiacjoe_overflow_six_doors_small,
          shapermc_ecumenical_altar_acropolis, uniq_terence,
          uniq_crazy_yiuf_cottage, uniq_jessica
D:4:      layout_basic
D:5:      layout_loops_ring, ebering_ghost_disaster_area,
          nicolae_shop_clearance, uniq_ijyb
D:6:      nicolae_cairo_tiling_large_dashed, layout_basic, grunt_ministairs_14,
          minmay_misc_feat_ornament, glass_columns_a, uniq_blork_the_orc
D:7:      layout_rooms
D:8:      layout_basic, lair_entry_dummy, serial_shops, nicolae_stop_n_shop_1,
          chequers_decorated_corner
D:9:      layout_loops_cross, nicolae_kite_square_tiling_tiny
D:10:     layout_loops_ring, serial_shops, kennysheep_mini,
          nicolae_take_the_stairs, shop_statue, nicolae_shop_behind_doors,
          shop_scrolls, serial_ice, serial_ice_j, serial_ice_o, serial_ice_d,
          serial_ice_n, uniq_erolcha
D:11:     layout_loops_ring, erik_orc_1, portal_ice_cave_entry_pillars_2,
          gauntlet_entry_generic, reono_crystal_passage
D:12:     layout_loops_ring
D:13:     layout_cave_pods, kennysheep_slug_shrine
D:14:     layout_gridville, david_vaults_5, uniq_azrael, uniq_frances
D:15:     grunt_enter_depths_magical_seal, layout_loops_corners,
          minmay_stone_trees_small, minivault_25_ag, hellmonk_scale_shop
Temple:   kilobyte_greek_temple
Lair:1:   layout_hall_layers, basic_altar, ebering_ghost_reflecting_pool,
          uniq_gastronok
Lair:2:   layout_chaotic_city, nicolae_spider_entry_non_spiders,
          nicolae_quartered_pool_super, st_stairs_6, guppyfry_lair_drakes,
          grunt_megastairs_4
Lair:3:   layout_cave_pods, minmay_shoals_entry_beasts, grunt_megastairs_2
Lair:4:   layout_regular_city, slime_entry_1, grunt_forest_large_clearing_hut,
          uniq_urug
Lair:5:   hangedman_lair_tendril_chambers, layout_gridlike
Spider:1: layout_spider_delve, nicolae_crawler_farm
Spider:2: layout_cave_pods, uniq_arachne, uniq_roxanne, uniq_aizul
Orc:1:    layout_diamond_mine, serial_shops, nicolae_shop_bloodbath_and_beyond,
          uniq_erica
Orc:2:    grunt_orc_gardens, layout_caves, grunt_orc_garden, grunt_orc_garden,
          grunt_orc_garden, grunt_orc_garden, ebering_ghost_gozag

Skill      XL: |  1  2  3  4  5  6  7  8  9 10 11 12 13 14 15 16 |
---------------+-------------------------------------------------+-----
Fighting       | 3 4 5 6 7 8 9 11 | 11.0
Armour         | 1 4 5 6 8 9 10 11 12 | 12.7
Dodging        | 2 3 4 5 6 7 8 9 10 | 10.0
Invocations    | 1 4 7 9 11 12 | 12.0
Maces & Flails | 2 6 8 10 12 13 | 13.0
Evocations     | 3 6 7 8 |  8.4
Throwing       | 4 7 9 10 | 10.7
Stealth        | |  5.4

Action                   |  1- 3 |  4- 6 |  7- 9 | 10-12 | 13-15 | 16-18 || total
-------------------------+-------+-------+-------+-------+-------+-------++-------
Melee: Mace              |    22 |       |   244 |   760 |  1035 |       ||  2061
       Dagger            |    59 |   108 |     9 |    10 |    43 |       ||   229
       Tailslap          |     6 |    10 |    41 |   152 |   377 |    67 ||   653
       Punch             |       |       |     2 |    14 |    25 |       ||    41
       Dire flail        |       |       |       |       |   530 |   304 ||   834
Throw: Boomerang         |       |     6 |       |     1 |    47 |    25 ||    79
Invok: Slouch            |       |       |       |     3 |    17 |       ||    20
       Bend Time         |       |       |       |       |     4 |       ||     4
Evoke: Wand              |       |       |       |     1 |     4 |       ||     5
       Condenser vane    |       |       |       |     1 |     2 |     1 ||     4
  Use: Scroll            |       |     3 |     4 |    14 |    13 |     2 ||    36
       Potion            |       |       |     2 |     6 |     5 |     1 ||    14
 Stab: Sleeping          |    16 |     5 |    11 |     4 |     4 |       ||    40
       Distracted        |       |       |     1 |       |     1 |       ||     2
       Confused          |       |       |       |       |     7 |       ||     7
       Petrified         |       |       |       |       |     2 |       ||     2
Armor: Leather armour    |    14 |    10 |       |       |       |       ||    24
       Ring mail         |       |    23 |   188 |     8 |       |       ||   219
       Chain mail        |       |       |       |  1115 |  1110 |       ||  2225
       Gold dragon scale |       |       |       |       |   554 |   336 ||   890
Dodge: Dodged            |    24 |    33 |   164 |   641 |  1297 |   186 ||  2345

Table legend: (Time is in decaauts)
 A = Elapsed time spent in this place.
 B = Non-inter-level travel time spent in this place.
 C = Inter-level travel time spent in this place.
 D = Time resting spent in this place.
 E = Time spent auto-exploring this place.
 F = Levels seen in this place.
 G = Mean time per level.
                   A        B        C        D        E       F      G
               +--------+--------+--------+--------+--------+-----+--------+
         Total |  35363 |  32895 |   2468 |   1088 |  25552 |  26 | 1360.1 |
       Dungeon |  18195 |  16566 |   1629 |    448 |  13214 |  15 | 1213.0 |
        Temple |    196 |    135 |     61 |      0 |    129 |   1 |  196.0 |
          Lair |   9507 |   9014 |    493 |    211 |   6866 |   5 | 1901.4 |
   Spider Nest |   3687 |   3635 |     52 |    205 |   2978 |   2 | 1843.5 |
  Orcish Mines |   2804 |   2573 |    231 |    147 |   1921 |   2 | 1402.0 |
      Ice Cave |    973 |    973 |      0 |     76 |    443 |   1 |  973.0 |
               +--------+--------+--------+--------+--------+-----+--------+

Top non-repeatable levels by time:
  Lair:1: 2374 daAuts
  Lair:5: 2135 daAuts
Spider:2: 2058 daAuts
    D:15: 2027 daAuts
   Orc:2: 1956 daAuts
  Lair:3: 1855 daAuts
    D:14: 1725 daAuts
Spider:1: 1628 daAuts
  Lair:2: 1605 daAuts
    D:11: 1566 daAuts
     D:6: 1541 daAuts
  Lair:4: 1535 daAuts
     D:8: 1482 daAuts
    D:13: 1378 daAuts
    D:10: 1333 daAuts
